 Dungeon Crawl Stone Soup version 0.28-a0-845-gfc338a8e3c (webtiles) character file.

Game seed: 8558547894656089796

8734 BinkBink the Unseen (level 11, -6/75 HPs)
             Began as a Vampire Enchanter on Nov 13, 2021.
             Was a Believer of Dithmenos.
             Mangled by a komodo dragon (32 damage)
             ... on level 9 of the Dungeon.
             The game lasted 00:32:37 (9512 turns).

BinkBink the Unseen (Vampire Enchanter)             Turns: 9512, Time: 00:32:38

Health: -6/75      AC:  4    Str:  8    XL:     11   Next: 13%
Magic:  19/22      EV: 13    Int: 20    God:    Dithmenos [**....]
Gold:   623        SH:  0    Dex: 21    Spells: 17/25 levels left

rFire   . . .      SeeInvis +   w - +5 dagger (freeze)
rCold   . . .      Faith    .   (no shield)
rNeg    + . .      Spirit   .   r - +2 robe {rN+}
rPois   .          Reflect  .   (no helmet)
rElec   .          Harm     .   (no cloak)
rCorr   .          Rampage  .   (no gloves)
Will    +....                   (no boots)
Stlth   +++++++++.              (no amulet)
HPRegen 0.42/turn               i - +6 ring of dexterity
MPRegen 0.18/turn               (no ring)

@: confusing by touch, healing quickly, wreathed by umbra
A: alive, fangs 3, see invisible, vampiric 2
a: Exsanguinate, Renounce Religion, Shadow Step


You were on level 9 of the Dungeon.
You worshipped Dithmenos.
Dithmenos was pleased with you.
You visited 2 branches of the dungeon, and saw 10 of its levels.

You collected 623 gold pieces.

Inventory:

Hand Weapons
 a - a +1 dagger
 v - a +4 dagger of freezing
 w - a +5 dagger of freezing (weapon)
Missiles
 A - 2 throwing nets (quivered)
Armour
 r - a +2 robe of positive energy (worn)
Jewellery
 i - a +6 ring of dexterity (left hand)
Wands
 h - a wand of paralysis (7)
 k - a wand of polymorph (15)
 B - a wand of acid (14)
 E - a wand of iceblast (9)
Scrolls
 b - 2 scrolls of identify
 e - 2 scrolls of teleportation
 g - a scroll of vulnerability {unknown}
 j - a scroll of amnesia {unknown}
 l - 2 scrolls of immolation
 m - 2 scrolls of enchant weapon
 n - 3 scrolls of noise
 p - 2 scrolls of enchant armour
 y - a scroll of acquirement {unknown}
Potions
 c - a potion of invisibility
 d - 2 potions of cancellation {unknown}
 f - 2 potions of attraction {unknown}
 o - 2 potions of flight
 q - 2 potions of ambrosia {unknown}
 s - 2 potions of curing {unknown}
 t - 2 potions of might {unknown}
 u - 2 potions of heal wounds {unknown}
 x - a potion of brilliance
 z - a potion of haste {unknown}
 D - a potion of lignification {unknown}
Miscellaneous
 C - a box of beasts


   Skills:
 + Level 3.5 Fighting
 + Level 4.9 Short Blades
 + Level 3.1 Dodging
 + Level 18.3 Stealth
 + Level 2.8 Unarmed Combat
 + Level 7.8 Spellcasting
 - Level 9.0 Hexes
 - Level 3.1 Ice Magic


You had 17 spell levels left.
You knew the following spells:

 Your Spells              Type           Power      Damage    Failure   Level
a - Ensorcelled Hibernat  Hex/Ice        64%        N/A       1%          2
b - Tukima's Dance        Hex            44%        N/A       1%          3
c - Confusing Touch       Hex            44%        N/A       1%          3

Your spell library contained the following spells:

 Spells                   Type           Power      Damage    Failure   Level
 Dazzling Flash           Conj/Hex       52%        N/A       4%          3
 Inner Flame              Hex/Fire       26%        N/A       4%          3
 Ozocubu's Armour         Ice            20%        N/A       8%          3
 Animate Skeleton         Necr           14%        N/A       9%          1
 Foxfire                  Conj/Fire      28%        2x1d5     9%          1
 Pain                     Necr           28%        1d5       9%          1
 Shock                    Conj/Air       28%        1d4       9%          1
 Conjure Flame            Conj/Fire      7%         6-21      26%         3
 Swiftness                Air            7%         N/A       26%         3
 Vampiric Draining        Necr           7%         2d6       26%         3
 Hailstorm                Conj/Ice       14%        3d5       41%         4
 Ice Form                 Ice/Tmut       14%        N/A       41%         4
 Airstrike                Air            3%         N/A       65%         4
 Flame Wave               Conj/Fire      7%         3d4       65%         4
 Simulacrum               Ice/Necr       7%         N/A       100%        6
 Ozocubu's Refrigeration  Ice            10%        4d7       100%        7


Dungeon Overview and Level Annotations

Branches:
Dungeon (9/15)             Temple (1/1) D:7            Lair (0/6) D:9
    Orc: D:9-12

Altars:
Ashenzari
Cheibriados
Dithmenos
Elyvilon
Nemelex Xobeh
Qazlal
Uskayaw
Yredelemnul
The Shining One

Annotations:
D:8 1 transporter


Innate Abilities, Weirdness & Mutations

Your natural rate of healing is accelerated.
You have razor-sharp teeth.
You have supernaturally acute eyesight. (SInv)
You are afflicted with vampirism and can become a bat while bloodless.


Message History

Dithmenos accepts your kill.
Things that are here:
a +0 giant spiked club; a +0 giant club; a two-headed ogre corpse
Casting: Confusing Touch (safe; 1% risk of failure)
Confirm with . or Enter, or press ? or * to list all spells.
Aiming: Ensorcelled Hibernation (safe; 1% risk of failure)
Press: ? - help, Shift-Dir - straight line, f - acid dragon
Aim: an acid dragon (wandering, hasn't noticed you, chance to affect: 61%)
The acid dragon roars!
The acid dragon looks drowsy...
Found 17 stones.
A basilisk comes into view.
The basilisk moves out of view.
The helpless acid dragon fails to defend itself.
You spit the acid dragon like a pig!!!! You freeze the acid dragon.
You kill the acid dragon!
Dithmenos accepts your kill.
Casting: Ensorcelled Hibernation (safe; 1% risk of failure)
Confirm with . or Enter, or press ? or * to list all spells.
Aiming: Ensorcelled Hibernation (safe; 1% risk of failure)
Press: ? - help, Shift-Dir - straight line, f - basilisk
Aim: a basilisk (wandering, hasn't noticed you, umbra, chance to affect: 61%)
The basilisk hisses angrily.
The basilisk looks drowsy...
The helpless basilisk fails to defend itself.
You stick the basilisk like a pincushion!!!!
The basilisk seems to slow down.
You freeze the basilisk.
You kill the basilisk!
Dithmenos accepts your kill.
Found 16 arrows.
Found a staircase to the Lair.
A komodo dragon comes into view.
Found 15 gold pieces.
You see here 16 arrows.
The komodo dragon hisses angrily.
The komodo dragon bites you!!
You closely miss the komodo dragon. The komodo dragon bites you!!
Casting: Ensorcelled Hibernation (safe; 1% risk of failure)
Confirm with . or Enter, or press ? or * to list all spells.
Your hands begin to glow red.
The komodo dragon bites you!!
You die...

##.# #........# #..#
########## #.## ## ### ###
###. ######.##### ##
#>..##...#..##..# ### .
#.........#...####.. #$
##......#......#.# #.#
#.#.l@...........#####
#.'###..###...#...........
#(..##.##..#.#.#........
#.######...#####.#.###..
#...# ##(## ###†.#.##
##### ### ######


You could see a komodo dragon.

Vanquished Creatures
  A hydra (D:8)
  A two-headed ogre (D:9)
  Pikel (D:4)
  A centaur zombie (D:9)
  5 gargoyles (D:7)
  An unseen horror (D:9)
  A komodo dragon (D:9)
  4 slime creatures (D:9)
  Sigmund (D:2)
  2 basilisks (D:9)
  Edmund (D:4)
  An acid dragon (D:9)
  Duvessa (D:5)
  A sky beast (D:4)
  An ice beast (D:6)
  4 black bears
  2 centaurs
  2 ogres
  A phantom (D:6)
  2 lemures (D:4)
  Blork the orc (D:4)
  2 bullfrogs
  Dowan (D:5)
  A scorpion (D:4)
  2 water moccasin zombies (D:5)
  6 killer bees
  14 wights
  2 bullfrog zombies
  3 hounds
  2 orc priests
  An iron imp (D:8)
  4 jellies
  Jessica (D:2)
  3 centaur skeletons (D:6)
  A gnoll shaman (D:9)
  4 iguanas
  Ijyb (D:3)
  3 orc wizards
  A killer bee zombie (D:9)
  A hound skeleton (D:4)
  A hound zombie (D:5)
  A mummy (D:8)
  A howler monkey zombie (D:9)
  Robin (D:3)
  8 gnolls
  8 adders
  2 white imps
  An ufetubus (D:7)
  3 worms
  3 dart slugs
  9 orcs
  7 bats
  4 endoplasms
  2 giant cockroaches (D:1)
  15 goblins
  7 hobgoblins
  6 quokkas
  5 ball pythons
  5 frilled lizards
  A hobgoblin zombie (D:8)
  5 kobolds
  A kobold zombie (D:8)
  2 orc zombies (D:8)
  4 rats
  A spectral orc (D:8)
  A toadstool (D:1)
192 creatures vanquished.

Vanquished Creatures (collateral kills)
  A goblin (D:3)
1 creature vanquished.

Vanquished Creatures (others)
  2 dancing weapons (D:3)
  4 toadstools (D:1)
6 creatures vanquished.

Grand Total: 199 creatures vanquished

Notes
Turn   | Place    | Note
-------+----------+-------------------------------------------
     0 | D:1      | BinkBink the Vampire Enchanter began the quest for the Orb.
     0 | D:1      | Reached XP level 1. HP: 13/13 MP: 3/3
   176 | D:1      | Reached skill level 5 in Hexes
   176 | D:1      | Reached XP level 2. HP: 19/19 MP: 5/5
   179 | D:1      | Learned a level 2 spell: Ensorcelled Hibernation
   942 | D:2      | Reached skill level 5 in Stealth
   942 | D:2      | Gained mutation: You are afflicted with vampirism and can
                  | become a bat while bloodless. [Vampire growth]
   942 | D:2      | Reached XP level 3. HP: 24/24 MP: 6/6
  1310 | D:2      | Noticed Sigmund
  1429 | D:2      | Killed Sigmund
  1430 | D:2      | Reached skill level 1 in Fighting
  1430 | D:2      | Reached skill level 7 in Stealth
  1430 | D:2      | Reached skill level 1 in Ice Magic
  1430 | D:2      | Reached XP level 4. HP: 20/32 MP: 4/8
  1430 | D:2      | Reached XP level 5. HP: 23/37 MP: 4/9
  1760 | D:2      | Noticed Jessica
  1841 | D:2      | Killed Jessica
  2088 | D:3      | Noticed a phantom
  2091 | D:3      | Noticed a black bear
  2130 | D:3      | Noticed Ijyb
  2131 | D:3      | Killed Ijyb
  2135 | D:3      | Reached XP level 6. HP: 43/43 MP: 10/10
  2139 | D:3      | Learned a level 3 spell: Tukima's Dance
  2144 | D:3      | Noticed Robin
  2479 | D:3      | Found a faded altar of an unknown god.
  2880 | D:3      | Killed Robin
  3085 | D:4      | Noticed a sky beast
  3134 | D:4      | Noticed Pikel
  3165 | D:4      | Killed Pikel
  3166 | D:4      | Reached skill level 9 in Stealth
  3166 | D:4      | Reached skill level 1 in Unarmed Combat
  3166 | D:4      | Reached XP level 7. HP: 31/49 MP: 8/12
  3272 | D:4      | Reached skill level 10 in Stealth
  3309 | D:4      | Noticed Edmund
  3311 | D:4      | Killed Edmund
  3312 | D:4      | Reached XP level 8. HP: 56/56 MP: 13/13
  3460 | D:4      | Noticed Blork the orc
  3486 | D:4      | Killed Blork the orc
  3487 | D:4      | Reached skill level 11 in Stealth
  4159 | D:5      | Entered Level 5 of the Dungeon
  4161 | D:5      | Reached skill level 12 in Stealth
  4413 | D:4      | Learned a level 3 spell: Confusing Touch
  4566 | D:5      | Noticed Duvessa
  4566 | D:5      | Noticed Dowan
  5063 | D:5      | Killed Duvessa
  5088 | D:5      | Killed Dowan
  5089 | D:5      | Reached skill level 5 in Spellcasting
  5089 | D:5      | Reached XP level 9. HP: 62/62 MP: 13/16
  5459 | D:6      | Reached skill level 13 in Stealth
  6246 | D:6      | Found a hide-covered altar of Uskayaw.
  6550 | D:7      | Found a staircase to the Ecumenical Temple.
  6558 | Temple   | Entered the Ecumenical Temple
  6577 | Temple   | Became a worshipper of Dithmenos the Shadowed
  6868 | D:7      | Reached skill level 14 in Stealth
  7163 | D:7      | Noticed a gargoyle
  7165 | D:7      | Killed a gargoyle
  7170 | D:7      | Noticed a gargoyle
  7172 | D:7      | Killed a gargoyle
  7188 | D:7      | Noticed a gargoyle
  7190 | D:7      | Killed a gargoyle
  7191 | D:7      | Reached skill level 15 in Stealth
  7197 | D:7      | Noticed a gargoyle
  7199 | D:7      | Killed a gargoyle
  7200 | D:7      | Reached XP level 10. HP: 70/70 MP: 19/19
  7206 | D:7      | Noticed a gargoyle
  7210 | D:7      | Killed a gargoyle
  7533 | D:8      | Reached * piety under Dithmenos
  7740 | D:8      | Found a snail-covered altar of Cheibriados.
  7917 | D:8      | Reached skill level 16 in Stealth
  8070 | D:8      | Noticed a four-headed hydra
  8073 | D:8      | Killed a four-headed hydra
  8286 | D:8      | Found a basalt altar of Yredelemnul.
  8342 | D:8      | Found a sparkling altar of Nemelex Xobeh.
  8342 | D:8      | Found a transporter.
  8682 | D:9      | Reached skill level 17 in Stealth
  9229 | D:9      | Reached ** piety under Dithmenos
  9373 | D:9      | Reached XP level 11. HP: 75/75 MP: 22/22
  9391 | D:9      | Noticed a two-headed ogre
  9417 | D:9      | Killed a two-headed ogre
  9418 | D:9      | Reached skill level 18 in Stealth
  9493 | D:9      | Found a staircase to the Lair.
  9512 | D:9      | Mangled by a komodo dragon

Illustrated notes

Levels and vault maps discovered:
D:1:      onia_arrival_mini_maze, layout_rooms, minmay_gold_behind_fungi
D:2:      layout_basic, uniq_jessica, uniq_sigmund
D:3:      layout_rooms, dreamdust_ecumenical_altar_hidden_monk_grotto,
          uniq_robin, uniq_ijyb
D:4:      layout_gridville, minmay_misc_feat_tiny, minmay_tree_intersection,
          minmay_misc_feat_chi, uniq_blork_the_orc, uniq_pikel, uniq_edmund
D:5:      layout_cave_pools, mainiacjoe_overflow_boulevard, uniq_duvessa
D:6:      layout_loops_ring, nicolae_uskayaw_suspiria
D:7:      cheibrodos_statue_roulette, layout_loops_ring,
          minmay_temple_entry_trees, hex_tiny
D:8:      layout_loops_cross, chei_slow_surprise, grunt_nemelex_the_gamble,
          yredelemnul_forgotten_temple_becter, solitary_fountain,
          minmay_mini_ossuary
D:9:      layout_roguey, fiery_altar_vehumet, erik_lair_dragon
Temple:   regret_index_temple_sphere_string

Skill      XL: |  1  2  3  4  5  6  7  8  9 10 11 |
---------------+----------------------------------+-----
Hexes          | 5 6 8 9 |  9.0
Stealth        | 5 7 9 10 12 15 17 18 | 18.3
Fighting       | 1 2 3 |  3.5
Ice Magic      | 1 2 3 |  3.1
Spellcasting   | 3 5 6 7 |  7.8
Unarmed Combat | 1 2 |  2.8
Short Blades   | 3 4 |  4.9
Dodging        | 3 |  3.1

Action                   |  1- 3 |  4- 6 |  7- 9 | 10-12 || total
-------------------------+-------+-------+-------+-------++-------
Melee: Dagger            |   133 |    87 |   151 |   104 ||   475
       Bite              |     9 |     6 |    15 |     5 ||    35
       Unarmed           |       |    21 |       |       ||    21
       Punch             |       |       |     1 |       ||     1
 Cast: Ensorcelled Hiber |    13 |    29 |    42 |    36 ||   120
       Tukima's Dance    |       |     3 |       |       ||     3
       Confusing Touch   |       |       |    16 |    18 ||    34
  Use: Scroll            |     1 |       |       |     6 ||     7
 Stab: Sleeping          |    17 |    26 |    40 |    41 ||   124
       Confused          |       |     5 |    19 |    13 ||    37
Armor: Robe              |    33 |     8 |    20 |     7 ||    68
       Skin              |       |     1 |       |       ||     1
Dodge: Dodged            |   100 |    76 |    79 |    29 ||   284

Table legend: (Time is in decaauts)
 A = Elapsed time spent in this place.
 B = Non-inter-level travel time spent in this place.
 C = Inter-level travel time spent in this place.
 D = Time resting spent in this place.
 E = Time spent auto-exploring this place.
 F = Levels seen in this place.
 G = Mean time per level.
                   A        B        C        D        E       F      G
               +--------+--------+--------+--------+--------+-----+--------+
         Total |   9478 |   9005 |    473 |      7 |   6980 |  10 |  947.8 |
       Dungeon |   9446 |   8986 |    460 |      0 |   6975 |   9 | 1049.6 |
        Temple |     32 |     19 |     13 |      7 |      5 |   1 |   32.0 |
               +--------+--------+--------+--------+--------+-----+--------+

Top non-repeatable levels by time:
     D:4: 1474 daAuts
     D:2: 1443 daAuts
     D:8: 1210 daAuts
     D:7: 1053 daAuts
     D:6: 915 daAuts
     D:9: 912 daAuts
     D:1: 892 daAuts
     D:3: 771 daAuts
     D:5: 771 daAuts
  Temple: 32 daAuts
